[Event "Titled Tuesday Blitz January 17 Early 2023"]
[White "Injac, Teodora"]
[Black "Nguyen Hong Nhung"]
[WhiteFideId "932400"]
[BlackFideId "12412201"]
[WhiteElo "2391"]
[BlackElo "2003"]
[Result "1-0"]
[Round "03"]
[TimeControl "180+2"]
[Date "2023.01.17"]
[WhiteClock "0:00:11"]
[BlackClock "0:00:13"]

1. d4 f5 2. Nf3 Nf6 3. g3 g6 4. Bg2 Bg7 5. O-O O-O 6. c3 d6 7. Nbd2 Nc6 8. b4 a6 9. Qb3+ Kh8 10. a4 e5 11. dxe5 dxe5 12. e4 Qe7 13. Ba3 Be6 14. Qc2 b5 15. Rfe1 f4 16. c4 Nxb4 17. Qb1 c5 18. Nxe5 Bg8 19. Nd3 fxg3 20. hxg3 Nxd3 21. Qxd3 Ng4 22. e5 Nxf2 23. Qe2 b4 24. Bb2 Rad8 25. Rf1 Qg5 26. Nf3 Bxc4 27. Qxf2 Qg4 28. Rfe1 Bd5 29. Rad1 h5 30. e6 Rfe8 31. Bxg7+ Kxg7 32. e7 Rd7 33. Ne5 Qe6 34. Nxd7 Qxd7 35. Qxc5 Qb7 36. Qxd5 Qb6+ 37. Qd4+ Qxd4+ 38. Rxd4 1-0


[Site "https://www.chess.com"]

[Event "Titled Tuesday Blitz January 17 Early 2023"]
[White "Meissner, Felix"]
[Black "Agasarov, Benik"]
[WhiteFideId "24671827"]
[BlackFideId "13314823"]
[WhiteElo "2362"]
[BlackElo "2235"]
[Result "0-1"]
[Round "03"]
[TimeControl "180+2"]
[Date "2023.01.17"]
[WhiteClock "0:00:36"]
[BlackClock "0:00:08"]

1. e4 e5 2. Nf3 Nc6 3. d4 exd4 4. Nxd4 Nf6 5. Nc3 Bb4 6. Nxc6 bxc6 7. Bd3 d5 8. exd5 O-O 9. O-O Bg4 10. f3 Bh5 11. dxc6 Qd4+ 12. Kh1 Bxc3 13. bxc3 Qxc3 14. Rb1 Bg6 15. Qd2 Qxc6 16. Bxg6 hxg6 17. Ba3 Rfd8 18. Qf4 Qxc2 19. Be7 Nd5 20. Qh4 Ne3 21. Rg1 Rd1 22. Rbxd1 Nxd1 23. Re1 Nf2+ 24. Kg1 Nd3 25. Rf1 Re8 26. Qd4 Qe2 27. Bh4 g5 28. Bg3 c5 29. Qd7 c4 30. Qc6 c3 31. Qxc3 f5 32. h3 f4 33. Bf2 Kh7 34. Bxa7 Ra8 35. Qc7 Re8 36. Bf2 Qxa2 37. Qf7 Qxf7 0-1


[Site "https://www.chess.com"]

[Event "Titled Tuesday Blitz January 17 Early 2023"]
[White "Arabidze, Meri"]
[Black "sabkeIXO"]
[WhiteFideId "13604040"]
[WhiteElo "2441"]
[BlackElo "2481"]
[Result "0-1"]
[Round "03"]
[TimeControl "180+2"]
[Date "2023.01.17"]
[WhiteClock "0:00:18"]
[BlackClock "0:00:21"]

1. d4 Nf6 2. Nf3 g6 3. g3 Bg7 4. Bg2 O-O 5. O-O d6 6. a4 a5 7. Nc3 Nc6 8. e4 e5 9. d5 Ne7 10. Nd2 Ne8 11. Nc4 f5 12. exf5 Nxf5 13. Ne4 h6 14. c3 b6 15. b4 Ba6 16. Qd3 axb4 17. cxb4 b5 18. axb5 Bxb5 19. Rxa8 Qxa8 20. Nc3 Bxc4 21. Qxc4 Nd4 22. Be3 Qa3 23. Nb5 Nxb5 24. Qxb5 Qb3 25. Rc1 h5 26. Be4 Kh7 27. Bc2 Qa3 28. h3 Nf6 29. Bb1 Rf7 30. Qc4 Bh6 31. Qc2 e4 32. Bxh6 Kxh6 33. Qd2+ Kg7 34. Re1 Qf3 35. Re3 Qf5 36. Kg2 Qxd5 37. Qc3 Qf5 38. Bxe4 Qe5 39. Qxe5 dxe5 40. Bc6 Re7 41. b5 Ne8 42. Ra3 Nd6 43. Ra7 Kf6 44. h4 Nc4 45. Ra8 e4 46. Rf8+ Kg7 47. Rf4 Nd6 48. g4 hxg4 49. Rxg4 Kf6 50. Rf4+ Ke5 51. Rg4 Kf5 52. Kg3 e3 53. Rf4+ Ke5 54. fxe3 Nf5+ 55. Kf3 Kd6 56. h5 Rxe3+ 57. Kg4 Rg3# 0-1


[Site "https://www.chess.com"]

[Event "Titled Tuesday Blitz January 17 Early 2023"]
[White "Flores Quillas, Diego Saul Rodri"]
[Black "Djokic, Mihailo"]
[WhiteFideId "3822508"]
[BlackFideId "976440"]
[WhiteElo "2359"]
[BlackElo "2192"]
[Result "1-0"]
[Round "03"]
[TimeControl "180+2"]
[Date "2023.01.17"]
[WhiteClock "0:00:07"]
[BlackClock "0:00:19"]

1. e4 c5 2. Nf3 d6 3. d4 cxd4 4. Nxd4 Nf6 5. Nc3 g6 6. Be3 Bg7 7. f3 O-O 8. Qd2 Nc6 9. O-O-O Bd7 10. Kb1 Rc8 11. h4 Ne5 12. g4 Qa5 13. h5 Nxf3 14. Nxf3 Rxc3 15. Qxc3 Qxc3 16. bxc3 Bxg4 17. Bg2 Nxe4 18. hxg6 fxg6 19. Rdf1 Nxc3+ 20. Kc1 Ne2+ 21. Kd2 Ng3 22. Ng5 Nxf1+ 23. Rxf1 Rxf1 24. Bxf1 h6 25. Bc4+ Kf8 26. Ne6+ Bxe6 27. Bxe6 b6 28. Kd3 h5 29. Kc4 Bf6 30. Kb5 g5 31. Ka6 g4 32. Kxa7 g3 33. Kxb6 Bc3 34. a4 Be1 35. Bh3 d5 36. a5 Bxa5+ 37. Kxa5 e5 38. Kb5 Ke7 39. Kc5 d4 40. Bg1 Kf6 41. Kd5 Kg5 42. Kxe5 Kh4 43. Bc8 d3 44. cxd3 g2 45. Bf2+ Kg5 46. Bh3 h4 47. Bxg2 Kg4 48. d4 h3 49. Bc6 h2 50. Bg2 Kg5 51. d5 Kg6 52. Ke6 Kg5 53. d6 Kf4 54. d7 Kg4 55. d8=Q h1=Q 56. Bxh1 Kh3 57. Qh8+ Kg4 58. Qg8+ Kf4 59. Qg3# 1-0


[Site "https://www.chess.com"]

[Event "Titled Tuesday Blitz January 17 Early 2023"]
[White "Kuzmin, Roman"]
[Black "Mirzoev, Azer"]
[WhiteFideId "44134932"]
[BlackFideId "13400304"]
[WhiteElo "2198"]
[BlackElo "2416"]
[Result "0-1"]
[Round "03"]
[TimeControl "180+2"]
[Date "2023.01.17"]
[WhiteClock "0:00:06"]
[BlackClock "0:00:37"]

1. e4 c5 2. Nf3 e6 3. d4 cxd4 4. Nxd4 a6 5. Bd3 Nc6 6. Nxc6 bxc6 7. c4 Nf6 8. O-O d5 9. Nc3 Bb7 10. Qc2 Be7 11. Bd2 h6 12. Rae1 O-O 13. e5 Nd7 14. f4 Nc5 15. Be2 a5 16. Be3 Ba6 17. Rd1 Qb8 18. Kh1 Rd8 19. cxd5 cxd5 20. Bxc5 Bxc5 21. Bxa6 Rxa6 22. Nxd5 Rc8 23. Qe2 Ra7 24. Nc3 Bb4 25. Ne4 Rac7 26. a3 Rc2 27. Rd8+ Rxd8 28. Qxc2 Bf8 29. Rd1 Qxb2 30. Qa4 Qxa3 31. Qc2 Qb2 32. Qa4 Qb4 0-1


[Site "https://www.chess.com"]

[Event "Titled Tuesday Blitz January 17 Early 2023"]
[White "Krstulovic, Alex"]
[Black "Volkov, Maksim"]
[WhiteFideId "760056"]
[BlackFideId "54123070"]
[WhiteElo "2428"]
[BlackElo "2258"]
[Result "0-1"]
[Round "03"]
[TimeControl "180+2"]
[Date "2023.01.17"]
[WhiteClock "0:00:06"]
[BlackClock "0:00:18"]

1. e4 c5 2. Nc3 d6 3. f4 Nc6 4. Nf3 g6 5. Bc4 Nd4 6. O-O Bg7 7. d3 h5 8. f5 Nxf3+ 9. Qxf3 Nf6 10. fxg6 fxg6 11. Nd5 Bg4 12. Qg3 Nxd5 13. Bxd5 Qd7 14. h3 Bd4+ 15. Kh1 O-O-O 16. c3 Be5 17. Bf4 Bxf4 18. Qxf4 Be2 19. Rf2 Bxd3 20. Rd1 Bb5 21. e5 Kb8 22. Qf7 dxe5 23. Qxg6 Qc7 24. Rfd2 h4 25. Bf3 Rxd2 26. Rxd2 Rd8 27. Rxd8+ Qxd8 28. Qe4 Qc7 29. Qxh4 a5 30. Qh8+ Ka7 31. h4 Bd3 32. h5 e4 33. Bg4 e3 34. Qh6 Qg3 35. Qe6 Qh4+ 36. Bh3 e2 0-1


[Site "https://www.chess.com"]

[Event "Titled Tuesday Blitz January 17 Early 2023"]
[White "Garcia Almaguer, Juan Manuel"]
[Black "Weetik, Vjacheslav"]
[WhiteFideId "5110491"]
[BlackFideId "4153472"]
[WhiteElo "2090"]
[BlackElo "2423"]
[Result "0-1"]
[Round "03"]
[TimeControl "180+2"]
[Date "2023.01.17"]
[WhiteClock "0:00:22"]
[BlackClock "0:00:12"]

1. e4 c6 2. d4 d5 3. e5 Bf5 4. Bd3 Bxd3 5. Qxd3 e6 6. Ne2 c5 7. Qb5+ Qd7 8. Qxd7+ Kxd7 9. Be3 Nc6 10. c3 Nge7 11. g4 h5 12. f3 cxd4 13. Bxd4 hxg4 14. fxg4 Ng6 15. O-O Ngxe5 16. Ng3 f6 17. Rf4 Bd6 18. Nd2 Nxd4 19. cxd4 Nc6 20. Rf2 Nxd4 21. Kg2 Rac8 22. Nh5 Rh7 23. Raf1 Be5 24. h3 Rc2 25. Nb1 Rxf2+ 26. Rxf2 Ke7 27. Nc3 g6 28. Ng3 f5 29. Nf1 Rh8 30. Ne3 a6 31. Rf1 Rc8 32. Re1 Kd6 33. Rd1 b5 34. a3 a5 35. h4 b4 36. Na2 f4 37. Nf1 Rc2+ 38. Rd2 b3 39. Nc3 f3+ 40. Kf2 Bf4 41. Rxc2 bxc2 42. Na2 c1=Q 43. Nxc1 Bxc1 44. b4 a4 45. Nh2 Bxa3 46. Ke3 e5 47. b5 Bc5 48. Kd3 e4+ 49. Kc3 e3 50. h5 gxh5 51. gxh5 e2 52. Kd2 Bb4+ 0-1


[Site "https://www.chess.com"]

[Event "Titled Tuesday Blitz January 17 Early 2023"]
[White "Womacka, Mathias"]
[Black "Csonka, Balazs"]
[WhiteFideId "4611390"]
[BlackFideId "742910"]
[WhiteElo "2396"]
[BlackElo "2496"]
[Result "1/2-1/2"]
[Round "03"]
[TimeControl "180+2"]
[Date "2023.01.17"]
[WhiteClock "0:00:18"]
[BlackClock "0:00:05"]

1. e4 e5 2. Nf3 Nc6 3. Bb5 Nf6 4. O-O Nxe4 5. Re1 Nd6 6. Nxe5 Be7 7. Bf1 Nxe5 8. Rxe5 O-O 9. d4 Bf6 10. Re1 Nf5 11. d5 Re8 12. Nd2 Rxe1 13. Qxe1 d6 14. Ne4 Bd4 15. c3 Bb6 16. Bg5 f6 17. Bd2 Bd7 18. Bd3 Qe8 19. Qe2 Qg6 20. Qf3 Re8 21. Re1 Qf7 22. Ng3 Rxe1+ 23. Bxe1 Nh4 24. Qe4 Ng6 25. Bd2 Qe8 26. Qxe8+ Bxe8 27. Bf5 Ne7 28. Be6+ Bf7 29. Bxf7+ Kxf7 30. c4 f5 31. Kf1 c6 32. dxc6 bxc6 33. Ke2 Ke6 34. Be3 Bxe3 35. Kxe3 g6 1/2-1/2


[Site "https://www.chess.com"]

[Event "Titled Tuesday Blitz January 17 Early 2023"]
[White "Lewtak, Damian"]
[Black "Sanchez, Robert"]
[WhiteFideId "1141724"]
[BlackFideId "2034360"]
[WhiteElo "2381"]
[BlackElo "1966"]
[Result "1-0"]
[Round "03"]
[TimeControl "180+2"]
[Date "2023.01.17"]
[WhiteClock "0:00:10"]
[BlackClock "0:00:01"]

1. e4 e6 2. Nf3 c5 3. b4 d5 4. exd5 Qxd5 5. Nc3 Qd8 6. bxc5 Bxc5 7. d4 Bd6 8. Bd3 Nf6 9. O-O h6 10. Qe2 O-O 11. Ne4 Nxe4 12. Qxe4 f5 13. Qe2 Nc6 14. c4 Bd7 15. Bb2 Rc8 16. d5 exd5 17. cxd5 Nb4 18. Ne5 Re8 19. Rfe1 Nxd3 20. Qxd3 Qb6 21. Nxd7 Qxb2 22. Qxf5 Qd2 23. Nf6+ gxf6 24. Qg6+ Kf8 25. Qxf6+ Kg8 26. Qg6+ Kf8 27. Qxd6+ Kg8 28. Rxe8+ Rxe8 29. Qg6+ Kf8 30. Qf6+ Kg8 31. Qg6+ Kf8 32. Qf5+ Kg8 33. g3 Rf8 34. Qg6+ Kh8 35. Rf1 Qxd5 36. Qxh6+ Kg8 37. Qg6+ Kh8 38. h4 Qxa2 39. Qh6+ Kg8 40. Qg5+ Kh8 41. Qe5+ Kg8 42. Qe7 Rf7 43. Qe8+ Kg7 44. h5 Qd5 45. Qe2 1-0


[Site "https://www.chess.com"]

[Event "Titled Tuesday Blitz January 17 Early 2023"]
[White "Tymrakiewicz, Rafal"]
[Black "Subelj, Jan"]
[WhiteFideId "1108832"]
[BlackFideId "14618583"]
[WhiteElo "2144"]
[BlackElo "2513"]
[Result "1-0"]
[Round "03"]
[TimeControl "180+2"]
[Date "2023.01.17"]
[WhiteClock "0:00:02"]
[BlackClock "0:00:12"]

1. d4 b6 2. e4 Bb7 3. Nd2 e6 4. f4 c5 5. c3 cxd4 6. cxd4 Nf6 7. Bd3 Bb4 8. Qe2 Qc7 9. a3 Be7 10. Ngf3 Qxf4 11. e5 Ng8 12. Ne4 Qg4 13. h3 Qh5 14. g4 Qg6 15. Nd6+ Bxd6 16. Bxg6 hxg6 17. exd6 Nf6 18. Bf4 Nxg4 19. Kd2 Nf6 20. Rac1 Nc6 21. Be5 O-O-O 22. Bxf6 gxf6 23. d5 exd5 24. Nd4 Rhe8 25. Qf3 f5 26. Qxd5 Kb8 27. Nxc6+ dxc6 28. Qxf7 Rxd6+ 29. Kc2 Re2+ 30. Kb1 Rdd2 31. Qg8+ Bc8 32. Qh8 f4 33. Rhd1 f3 34. Rxd2 Rxd2 35. Rxc6 Rd1+ 36. Ka2 Rd8 37. Qxd8 Kb7 38. Qxc8# 1-0


[Site "https://www.chess.com"]

[Event "Titled Tuesday Blitz January 17 Early 2023"]
[White "Atakhan, Abtin"]
[Black "Begunov, Konstantin"]
[WhiteFideId "22502203"]
[BlackFideId "4118510"]
[WhiteElo "2422"]
[BlackElo "2325"]
[Result "0-1"]
[Round "03"]
[TimeControl "180+2"]
[Date "2023.01.17"]
[WhiteClock "0:00:06"]
[BlackClock "0:00:21"]

1. c4 c6 2. Nf3 d5 3. d4 Nf6 4. Nc3 dxc4 5. a4 Bg4 6. Ne5 Bh5 7. f3 Nfd7 8. Nxc4 e5 9. Nxe5 Nxe5 10. dxe5 Nd7 11. Bf4 Bb4 12. e3 Qe7 13. Qb3 a5 14. e6 fxe6 15. e4 e5 16. Be3 Nc5 17. Qc2 Bf7 18. Be2 O-O 19. O-O Rad8 20. Kh1 Nb3 21. Rad1 Nd4 22. Bxd4 exd4 23. Nb1 c5 24. Bc4 Bxc4 25. Qxc4+ Qf7 26. b3 Qxc4 27. bxc4 d3 28. e5 Rd4 29. Nd2 Rfd8 30. Ne4 Rxc4 31. Nd6 Rd4 32. Nxb7 Re8 33. f4 c4 34. Rc1 c3 35. Nd6 Bxd6 36. exd6 c2 0-1


[Site "https://www.chess.com"]

[Event "Titled Tuesday Blitz January 17 Early 2023"]
[White "Shuvalova, Polina"]
[Black "Pasaribu, Ivan Maxmillian Putra"]
[WhiteFideId "24171760"]
[BlackFideId "7104219"]
[WhiteElo "2484"]
[BlackElo "2229"]
[Result "1-0"]
[Round "03"]
[TimeControl "180+2"]
[Date "2023.01.17"]
[WhiteClock "0:00:13"]
[BlackClock "0:00:08"]

1. d4 d5 2. Nf3 Nf6 3. Bf4 c5 4. e3 e6 5. Nbd2 Bd6 6. dxc5 Bxc5 7. c4 O-O 8. Rc1 Be7 9. Be2 Nc6 10. O-O Nh5 11. Be5 Nxe5 12. Nxe5 Nf6 13. Ndf3 Bd7 14. cxd5 exd5 15. Nd4 Bd6 16. Nxd7 Qxd7 17. Bf3 Rfe8 18. Qb3 Be5 19. Rfd1 Rac8 20. Rxc8 Rxc8 21. g3 h5 22. h4 g6 23. Kg2 Kg7 24. Ne2 Rd8 25. Rd3 Qf5 26. Rd1 Rd7 27. Nd4 Bxd4 28. Rxd4 Qe5 29. Qd3 Qe6 30. Qb5 a6 31. Qd3 Qe5 32. b4 Rd6 33. a4 Rd7 34. Qd2 g5 35. hxg5 Qxg5 36. a5 Kf8 37. Rf4 Ke7 38. Qd4 Ke6 39. Qb6+ Ke7 40. Qc5+ Ke6 41. Qd4 Qe5 42. Qd3 Rd8 43. Bd1 Rg8 44. Bb3 Rg6 45. Bc2 Rg4 46. Qf5+ Qxf5 47. Bxf5+ Ke5 48. Bxg4 hxg4 49. Kf1 Ke6 50. Ke2 Ke5 51. Kd3 Ke6 52. Kd4 1-0


[Site "https://www.chess.com"]

[Event "Titled Tuesday Blitz January 17 Early 2023"]
[White "Kukula, Pawel"]
[Black "Dehtiarov, Roman"]
[WhiteFideId "1115081"]
[BlackFideId "14186640"]
[WhiteElo "2135"]
[BlackElo "2289"]
[Result "1-0"]
[Round "03"]
[TimeControl "180+2"]
[Date "2023.01.17"]
[WhiteClock "0:00:04"]
[BlackClock "0:00:01"]

1. c4 e5 2. Nc3 Nc6 3. Nf3 Nf6 4. d3 Bb4 5. Bd2 O-O 6. g3 Bxc3 7. Bxc3 d6 8. Bg2 Be6 9. O-O Qd7 10. Re1 h6 11. b4 Ne7 12. a4 c6 13. Rb1 a6 14. c5 Ng6 15. cxd6 Qxd6 16. b5 axb5 17. axb5 c5 18. Nd2 Bd5 19. Nc4 Qe6 20. Qb3 Bxg2 21. Kxg2 Nd5 22. Ne3 Nxe3+ 23. fxe3 Qg4 24. Kh1 h5 25. Ra1 h4 26. Qc4 Qxc4 27. dxc4 hxg3 28. hxg3 f6 29. Kg2 e4 30. g4 Rxa1 31. Rxa1 f5 32. Ra7 Rf7 33. Kg3 f4+ 34. Kf2 f3 35. exf3 Rxf3+ 36. Ke2 Rf7 37. Ra8+ Kh7 38. Re8 Re7 39. Rd8 Rf7 40. Rd5 b6 41. Rh5+ Kg8 42. Rg5 Nf8 43. Re5 Ra7 44. Rxe4 Kf7 45. Rf4+ Kg8 46. Rf5 Ne6 47. Re5 Kf7 48. Rf5+ Ke7 49. Rd5 Ra2+ 50. Bd2 Ra7 51. Kd3 Kf7 52. Rf5+ Ke7 53. Bc3 Rd7+ 54. Rd5 Ra7 55. Be5 Ra3+ 56. Ke4 Ra4 57. Kd3 Ra3+ 58. Bc3 Ra7 59. Rh5 Kf7 60. Rh8 Rd7+ 61. Kc2 Ng5 62. Rb8 Rd6 63. Rb7+ Ke6 64. Rxg7 Ne4 65. Rg6+ Kd7 66. Rxd6+ Kxd6 67. Kd3 Ng5 68. Be1 Nf3 69. Bg3+ Kd7 70. Bf4 Ne1+ 71. Ke4 Nc2 72. g5 Na3 73. Kd5 Nc2 74. g6 Ke7 75. Bg5+ Kf8 76. Bh6+ Kg8 77. Kc6 Na3 78. Kxb6 Nxc4+ 79. Kxc5 Ne5 80. b6 Nd7+ 81. Kb5 1-0


[Site "https://www.chess.com"]

[Event "Titled Tuesday Blitz January 17 Early 2023"]
[White "Klose, Eli"]
[Black "Wartiovaara, Oliver"]
[WhiteFideId "16242955"]
[BlackFideId "513024"]
[WhiteElo "1519"]
[BlackElo "2264"]
[Result "1-0"]
[Round "03"]
[TimeControl "180+2"]
[Date "2023.01.17"]
[WhiteClock "0:00:25"]
[BlackClock "0:00:49"]

1. e4 d5 2. exd5 Qxd5 3. Nc3 Qe5+ 4. Be2 Bg4 5. d4 Bxe2 6. Ngxe2 Qa5 7. O-O Nf6 8. d5 e6 9. dxe6 Bd6 10. exf7+ Kxf7 11. Bf4 Rd8 12. Qc1 Nc6 13. Ng3 Nd4 14. a3 Bxf4 15. Qxf4 g5 16. Qc1 h5 17. b4 Qe5 18. Re1 Qf4 19. Nce2 Qxc1 20. Raxc1 h4 21. Nxd4 Rxd4 22. Nf5 Rf4 23. Ne3 Ne4 24. Nd5 Rf5 25. Nxc7 Rc8 26. Rxe4 Rxc7 27. c4 Rd7 28. Rce1 Rf4 29. Rxf4+ gxf4 30. h3 f3 31. gxf3 Rd3 32. Re4 Rxf3 33. Rxh4 Rxa3 34. Rh7+ Kg6 35. Rxb7 Ra4 36. Kg2 a5 37. bxa5 Rxc4 38. a6 Ra4 39. a7 Kf6 40. Kg3 Kg6 41. h4 Kf6 42. f3 Kg6 43. Kf2 Kh5 44. Ke3 Kxh4 45. Kd3 Kg3 46. Rf7 Kh4 47. Kc3 Kg5 48. Kb3 Ra1 49. Kc4 Kg6 50. Rb7 Kf6 51. Kd5 Ra2 52. Kc6 Rc2+ 53. Kd7 Ra2 54. Kc8 Ke6 55. Kb8 Kd6 56. a8=Q 1-0


[Site "https://www.chess.com"]

[Event "Titled Tuesday Blitz January 17 Early 2023"]
[White "Aloma Vidal, Robert"]
[Black "Buchenau, Frank"]
[WhiteFideId "2260409"]
[BlackFideId "4604350"]
[WhiteElo "2442"]
[BlackElo "2222"]
[Result "1-0"]
[Round "03"]
[TimeControl "180+2"]
[Date "2023.01.17"]
[WhiteClock "0:02:21"]
[BlackClock "0:02:11"]

1. e4 e6 2. d4 d5 3. e5 c5 4. c3 Qb6 5. Nf3 Bd7 6. Bd3 cxd4 7. O-O dxc3 8. Nxc3 Ne7 9. Be3 Qd8 10. Qb3 Nbc6 11. Qxb7 Rb8 12. Nb5 Ng6 13. Nc7+ Ke7 14. Bc5# 1-0


[Site "https://www.chess.com"]

[Event "Titled Tuesday Blitz January 17 Early 2023"]
[White "Piesik, Piotr"]
[Black "Jovic, Stanoje"]
[WhiteFideId "1136194"]
[BlackFideId "905020"]
[WhiteElo "2426"]
[BlackElo "2075"]
[Result "1-0"]
[Round "03"]
[TimeControl "180+2"]
[Date "2023.01.17"]
[WhiteClock "0:00:13"]
[BlackClock "0:00:01"]

1. Nf3 Nf6 2. g3 b5 3. Bg2 Bb7 4. O-O e6 5. d3 c5 6. e4 d5 7. Nbd2 a5 8. a4 b4 9. Qe2 Be7 10. Re1 O-O 11. e5 Nfd7 12. h4 Nc6 13. Nf1 Nd4 14. Nxd4 cxd4 15. h5 Rc8 16. h6 g6 17. Bf4 b3 18. cxb3 Qb6 19. Nh2 Qxb3 20. Rec1 Ba6 21. Bf1 Nc5 22. Qd2 Nxd3 23. Bg5 Bb4 24. Qe2 Bc4 25. Qf3 f5 26. exf6 Nxc1 27. Qg4 Kf7 28. Rxc1 Qxb2 29. Nf3 d3 30. Rb1 Qc3 31. Re1 Qxe1 32. Nxe1 Bxe1 33. Qd4 Rc7 34. Bxd3 Bxd3 35. Qxd3 Bc3 36. Kg2 Rb8 37. Qa6 Rbb7 38. Qa8 Bxf6 39. Bxf6 Kxf6 40. Qxa5 d4 41. g4 Rd7 42. g5+ Kf7 43. Qe5 d3 44. Qg7+ Ke8 45. Qg8+ Ke7 46. Qxh7+ Kd8 47. Qh8+ Kc7 48. Qc3+ Kb8 49. Qd2 Rb3 50. Kf3 e5 51. Ke3 Re7 52. Qa5 e4 53. Qd5 Rbb7 54. a5 Rbd7 55. Qb5+ Ka7 56. Qb6+ Ka8 57. Kd2 Rb7 58. Qd8+ Ka7 59. Qd4+ Ka6 60. Qd6+ Kxa5 61. Qa3+ Kb6 62. f3 1-0


[Site "https://www.chess.com"]

[Event "Titled Tuesday Blitz January 17 Early 2023"]
[White "Pfreundt, Jakob"]
[Black "marik_spb"]
[WhiteFideId "12918156"]
[WhiteElo "2407"]
[BlackElo "2466"]
[Result "0-1"]
[Round "03"]
[TimeControl "180+2"]
[Date "2023.01.17"]
[WhiteClock "0:00:02"]
[BlackClock "0:00:14"]

1. Nf3 Nf6 2. g3 e6 3. Bg2 d5 4. d4 Be7 5. c4 O-O 6. Nc3 b6 7. Ne5 Bb7 8. Bg5 Nbd7 9. O-O h6 10. Nxd7 Qxd7 11. Bxf6 Bxf6 12. cxd5 exd5 13. e3 Rfd8 14. b4 c5 15. bxc5 bxc5 16. Rb1 Rac8 17. Na4 cxd4 18. exd4 Ba6 19. Re1 Bc4 20. Nc5 Qf5 21. Rb7 Re8 22. Re3 Rxe3 23. fxe3 Bg5 24. Kh1 Bxe3 25. h4 Qf2 26. Kh2 Bxd4 27. Nb3 Be5 28. Qf3 Qxf3 29. Bxf3 Rd8 30. Rxa7 d4 31. Nd2 Be6 32. a4 d3 33. a5 Bc3 34. Ne4 Bd4 35. a6 Bxa7 0-1


[Site "https://www.chess.com"]

[Event "Titled Tuesday Blitz January 17 Early 2023"]
[White "Valle Maytin, Luis Enrique"]
[Black "Gabdrakhmanov, Azat"]
[WhiteFideId "3503666"]
[BlackFideId "34189197"]
[WhiteElo "2241"]
[BlackElo "2316"]
[Result "0-1"]
[Round "03"]
[TimeControl "180+2"]
[Date "2023.01.17"]
[WhiteClock "0:00:04"]
[BlackClock "0:00:15"]

1. e4 c5 2. Nf3 e6 3. d4 cxd4 4. Nxd4 a6 5. Nc3 Qc7 6. a3 Nf6 7. f4 d6 8. Be2 b5 9. Bf3 Bb7 10. Be3 Nbd7 11. O-O e5 12. Nb3 Be7 13. f5 h5 14. Kh1 Ng4 15. Bg1 Rc8 16. Rc1 Bg5 17. Ra1 Bf4 18. Bxg4 hxg4 19. Qxg4 Nf6 20. Qe2 Ke7 21. Rad1 Rh6 22. h3 Nh5 23. Bf2 Rch8 24. Kg1 Bg3 25. Be3 Nf4 26. Bxf4 Bxf4 27. Rf3 g5 28. Rfd3 Rg8 29. g4 Rgh8 30. Kg2 Bc6 31. Rf3 Rc8 32. Rdd3 Rhh8 33. Rf2 Qb6 34. Rff3 Rc7 35. Qf2 Qb8 36. Kf1 Rhc8 37. Ke2 Qa8 38. Rfe3 a5 39. Qf3 b4 40. axb4 axb4 41. Nd1 Bb5 42. Ke1 Rxc2 43. Rd5 Bxe3 44. Qxe3 Re2+ 45. Qxe2 Bxe2 46. Kxe2 Rc2+ 47. Ke1 Qa4 48. Rd3 Rh2 49. Ne3 Qb5 50. Nc1 Rh1+ 51. Kd2 Rxc1 52. Nd5+ Kf8 53. Kxc1 Qxd3 54. Nxb4 Qxe4 55. Nc2 Qh1+ 56. Kd2 Qxh3 0-1


[Site "https://www.chess.com"]

[Event "Titled Tuesday Blitz January 17 Early 2023"]
[White "Melikyan, Gnel"]
[Black "Golding, Alex"]
[WhiteFideId "54109990"]
[BlackFideId "427241"]
[WhiteElo "2238"]
[BlackElo "2318"]
[Result "0-1"]
[Round "03"]
[TimeControl "180+2"]
[Date "2023.01.17"]
[WhiteClock "0:00:41"]
[BlackClock "0:00:59"]

1. e4 e5 2. Nf3 Nc6 3. a3 Nf6 4. Nc3 Be7 5. b4 a6 6. Bc4 O-O 7. d3 d6 8. h3 h6 9. g4 Nh7 10. Rg1 Ng5 11. h4 Nxf3+ 12. Qxf3 Nd4 13. Qd1 Bxh4 14. g5 hxg5 15. Be3 Be6 16. Ne2 Nf3+ 17. Kf1 Bh3+ 18. Rg2 Qd7 19. Ng3 Qg4 20. Qe2 Bxg3 21. fxg3 Qxg3 22. Qf2 Bxg2+ 23. Qxg2 Nh2+ 24. Kg1 Qxe3+ 25. Kxh2 g6 26. Qf1 Kg7 27. Kg2 f5 28. Re1 Qf4 29. Qxf4 gxf4 30. Kf3 Rh8 31. Rg1 Kf6 0-1


[Site "https://www.chess.com"]

[Event "Titled Tuesday Blitz January 17 Early 2023"]
[White "Carnicelli, Valerio"]
[Black "Erzhanov, Arman"]
[WhiteFideId "856185"]
[BlackFideId "4138821"]
[WhiteElo "2370"]
[BlackElo "2228"]
[Result "1-0"]
[Round "03"]
[TimeControl "180+2"]
[Date "2023.01.17"]
[WhiteClock "0:00:16"]
[BlackClock "0:00:14"]

1. b3 c5 2. Bb2 Nc6 3. e3 Nf6 4. Nf3 d5 5. Bb5 Bg4 6. h3 Bh5 7. g4 Bg6 8. Ne5 Rc8 9. h4 h6 10. Nxg6 fxg6 11. Qf3 e6 12. d3 Be7 13. Nd2 O-O 14. Bxc6 Rxc6 15. Qh3 b5 16. Nf3 Bd6 17. g5 hxg5 18. hxg5 Nh5 19. Qxe6+ Kh7 20. Ne5 Bxe5 21. Qxe5 Qd7 22. Rh2 c4 23. dxc4 dxc4 24. Rd1 Qf7 25. Rd6 Rxd6 26. Qxd6 cxb3 27. axb3 Qf5 28. Qe5 Qd7 29. Bd4 Rf5 30. Qe4 Rxg5 31. Kd2 Rg1 32. Rxh5+ Kg8 33. Rd5 Qf7 34. Rd8+ Kh7 35. Qh4# 1-0


[Site "https://www.chess.com"]

[Event "Titled Tuesday Blitz January 17 Early 2023"]
[White "Bazarov, Konstantin"]
[Black "Sourath Biswas"]
[WhiteFideId "4137000"]
[BlackFideId "35091484"]
[WhiteElo "2235"]
[BlackElo "2281"]
[Result "1-0"]
[Round "03"]
[TimeControl "180+2"]
[Date "2023.01.17"]
[WhiteClock "0:00:21"]
[BlackClock "0:00:04"]

1. d4 Nf6 2. c4 g6 3. Nc3 Bg7 4. e4 O-O 5. Nge2 d6 6. Ng3 e5 7. d5 c6 8. Be2 cxd5 9. cxd5 a6 10. O-O b5 11. b4 Nbd7 12. a4 bxa4 13. Qxa4 Bb7 14. Be3 h5 15. Rfc1 h4 16. Nf1 Nh7 17. Qa5 Qe7 18. Qc7 Rab8 19. Na4 Rfc8 20. Qa5 f5 21. f3 h3 22. g3 Ng5 23. Nc3 Rxc3 24. Rxc3 fxe4 25. Bxg5 Qxg5 26. fxe4 Rf8 27. Bf3 Nf6 28. Qb6 Bxd5 29. exd5 e4 30. Qe3 Qe5 31. Rac1 Nxd5 32. Qxe4 Qxe4 33. Bxe4 Nxc3 34. Bd3 Bd4+ 35. Kh1 Rf2 36. Bxa6 Ne4 37. Bb7 Ng5 38. Bd5+ Kg7 39. b5 Rb2 40. Bc6 d5 41. Rd1 Bb6 42. Nd2 d4 43. Nc4 1-0


[Site "https://www.chess.com"]